 Dungeon Crawl Stone Soup version 0.28-b1-25-g9875b3fc8c (webtiles) character file.

Game seed: 15610062392889846181

1861 inmateoo the Geomancer (level 9, -9/102 HPs)
             Began as a Formicid Earth Elementalist on Feb 5, 2022.
             Was a Follower of Cheibriados.
             Mangled by a boulder beetle (15 damage)
             ... on level 6 of the Dungeon.
             The game lasted 00:13:44 (6196 turns).

inmateoo the Geomancer (FoEE)                       Turns: 6196, Time: 00:13:44

Health: -9/102     AC: 28    Str: 15    XL:     9   Next: 35%
Magic:  2/16       EV:  2    Int: 19    God:    Cheibriados [*.....]
Gold:   33         SH:  0    Dex: 13    Spells: 3/18 levels left

rFire   + . .      SeeInvis .     - Unarmed
rCold   + . .      Faith    .   (no shield)
rNeg    . . .      Spirit   .   (armour currently unavailable)
rPois   +          Reflect  .   (helmet unavailable)
rElec   +          Harm     .   (cloak currently unavailable)
rCorr   +          Rampage  .   (gloves currently unavailable)
Will    .....      Clarity  +   (boots currently unavailable)
Stlth   ++........              (no amulet)
HPRegen 0.27/turn               f - +4 ring of protection
MPRegen 0.15/turn               (no ring)

@: tree-form, resistant, very slow
A: stationary, stasis, torment immunity, boosted hp, permanent stasis, dig
shafts and tunnels, (antennae 3), four strong arms, (talons 1), clarity, dopey 1
a: Renounce Religion, Bend Time


You were on level 6 of the Dungeon.
You worshipped Cheibriados.
Cheibriados was aware of your devotion.
You were a tree.
You visited 2 branches of the dungeon, and saw 8 of its levels.

You collected 322 gold pieces.
You spent 289 gold pieces at shops.

Inventory:

Missiles
 c - 80 stones
Armour
 a - a +2 robe of fire resistance (melded)
Magical Staves
 h - a staff of earth
Jewellery
 f - a +4 ring of protection (left branch)
Wands
 k - a wand of acid (4)
Scrolls
 b - 2 scrolls of fear
 d - 2 scrolls of enchant weapon
 g - a scroll of enchant armour
Potions
 o - a potion of brilliance


   Skills:
 + Level 5.1 Fighting
 + Level 2.3 Dodging
 - Level 3.0 Stealth
 + Level 5.1 Unarmed Combat
 + Level 5.1 Spellcasting
 + Level 4.2 Transmutations
 + Level 8.1 Earth Magic
 + Level 1.2 Invocations


You had 3 spell levels left.
You knew the following spells:

 Your Spells              Type           Power      Damage    Failure   Level
a - Sandblast             Erth           70%        2d15      1%          1
b - Passwall              Tmut/Erth      23%        N/A       1%          2
c - Stone Arrow           Conj/Erth      40%        3d9       7%          3
d - Petrify               Tmut/Erth      28%        N/A       10%         4
e - Spider Form           Tmut/Pois      12%        N/A       16%         3
f - Wereblood             Tmut           20%        N/A       3%          2

Your spell library contained the following spells:

 Spells                   Type           Power      Damage    Failure   Level
 Beastly Appendage        Tmut           40%        N/A       2%          1
 Sting                    Tmut/Pois      48%        1d5       5%          1
 Corpse Rot               Necr/Air       8%         N/A       19%         2
 Poisonous Vapours        Pois/Air       8%         N/A       19%         2
 Frozen Ramparts          Ice            8%         1d2       36%         3
 Ice Form                 Ice/Tmut       12%        N/A       45%         4
 Olgreb's Toxic Radiance  Pois           4%         N/A       77%         4
 Summon Ice Beast         Ice/Summ       4%         N/A       77%         4


Dungeon Overview and Level Annotations

Branches:
Dungeon (7/15)             Temple (1/1) D:5

Altars:
Ashenzari
Cheibriados
Dithmenos
Fedhas
Gozag
Makhleb
Okawaru
Qazlal
Sif Muna
Uskayaw
Vehumet
Zin

Shops:
D:1 [   D:2 *   D:3 ::?:   D:5 ?

Annotations:
D:1 Terence


Innate Abilities, Weirdness & Mutations

You are a tree.
Your roots penetrate the ground, keeping you stationary.
You cannot be teleported.
You are immune to unholy pain and torment.
Your maximum health is greatly increased.
Your equipment is partially melded.
You cannot be hasted, slowed, berserked, paralysed or teleported.
You can dig through walls and to a lower floor.
((You have a pair of large antennae on your head. (SInv)))
Your four strong arms can wield two-handed weapons with a shield.
((You have sharp toenails.))
You possess an exceptional clarity of mind.
You are dopey. (Int -2)


Message History

The boulder beetle resists with significant effort.
The boulder beetle barely misses you.
Casting: Petrify (dangerous; 9% risk of failure)
Confirm with . or Enter, or press ? or * to list all spells.
Aiming: Petrify (dangerous; 9% risk of failure)
Press: ? - help, Shift-Dir - straight line, f/p - boulder beetle
Aim: a boulder beetle (moderately wounded, extremely poisoned, chance to affect: 52%)
You feel a surge of power!
The boulder beetle resists with significant effort.
The boulder beetle bites you.
You hit the boulder beetle but do no damage.
The boulder beetle is moderately wounded.
The boulder beetle bites you!!
* * * LOW HITPOINT WARNING * * *
It was a potion of berserk rage.
Your stasis prevents you from going berserk.
The boulder beetle bites you!
* * * LOW HITPOINT WARNING * * *
It was a potion of lignification.
You turn into a tree.
Your +2 robe of fire resistance melds into your body.
You feel less resistant to fire.
Your roots penetrate the ground.
The boulder beetle bites you but does no damage.
It was a potion of mutation.
You feel extremely strange.
Your thoughts seem clearer.
You feel stupid.
Your toenails lengthen and sharpen.
The boulder beetle bites you but does no damage.
It was a potion of resistance.
You feel protected.
The boulder beetle bites you but does no damage.
You are now empty-handed.
The boulder beetle bites you but does no damage.
You hit the boulder beetle but do no damage.
The boulder beetle is severely wounded.
You hit the boulder beetle but do no damage.
The boulder beetle is severely wounded.
The boulder beetle barely misses you.
You hit the boulder beetle but do no damage.
The boulder beetle is severely wounded.
The boulder beetle bites you!
You die...

...........# ##.......####.#
.......#.### #.........##..##
......#..# ##.......##....##
....)##..# ##.....##......#
.....##.#########...###.......
... #..##.##.##.....##.......
.# #.##...#..##...##.......#
##.........###.###.......#
#.......B♣.##...##.......#
##..........###.###......##
##...........#######......#
#.........................#
##...............##.......##
#...............####......#
#>.............## ##...###
#..##..........# #####
#....#####......##


You could see a boulder beetle (very poisoned).

Vanquished Creatures
  Eustachio (D:4)
  An acid dragon (D:5)
  A water moccasin (D:6)
  A sky beast (D:6)
  An orc warrior (D:6)
  4 ogres
  5 scorpions
  A bullfrog zombie (D:6)
  A jelly (D:6)
  3 orc priests
  2 hounds
  2 gnoll shamans
  Natasha (D:2)
  2 iguanas
  3 orc wizards
  A killer bee zombie (D:6)
  A hound zombie (D:5)
  A hound skeleton (D:4)
  6 gnolls
  11 adders
  A white imp (D:6)
  An adder zombie (D:5)
  2 adder skeletons (D:4)
  2 worms
  A dart slug (D:2)
  9 orcs
  2 endoplasms
  A giant cockroach (D:1)
  A goblin (D:1)
  6 hobgoblins
  5 kobolds
  3 quokkas
  4 ball pythons
  3 bats
  A frilled lizard (D:1)
  6 rats
97 creatures vanquished.

Notes
Turn   | Place    | Note
-------+----------+-------------------------------------------
     0 | D:1      | inmateoo the Formicid Earth Elementalist began the quest
                  | for the Orb.
     0 | D:1      | Reached XP level 1. HP: 13/13 MP: 3/3
   219 | D:1      | Reached XP level 2. HP: 19/19 MP: 1/5
   465 | D:1      | Found a faded altar of an unknown god.
   560 | D:1      | Found Luaphaps's Antique Armour Shoppe.
   684 | D:1      | Learned a level 2 spell: Passwall
   959 | D:2      | Noticed Terence
  1366 | D:2      | Reached skill level 4 in Earth Magic
  1366 | D:2      | Reached XP level 3. HP: 24/24 MP: 4/6
  1478 | D:2      | Found Akypnyot's General Store.
  1577 | D:2      | Reached XP level 4. HP: 30/30 MP: 5/8
  1656 | D:2      | Noticed Natasha
  1661 | D:2      | Killed Natasha
  1662 | D:2      | Reached XP level 5. HP: 35/35 MP: 5/10
  2227 | D:3      | Found Wuh Des's Magic Scroll Shoppe.
  2279 | D:3      | Bought a scroll of noise for 14 gold pieces
  2293 | D:3      | Learned a level 3 spell: Stone Arrow
  2445 | D:3      | Found Fuotum's Book Shoppe.
  2488 | D:3      | Found Ujoas's Book Shoppe.
  2510 | D:3      | Found Huja's Book Shoppe.
  2523 | D:3      | Reached XP level 6. HP: 41/41 MP: 10/12
  2653 | D:4      | Reached skill level 1 in Fighting
  2791 | D:4      | Noticed an ogre
  2794 | D:4      | Noticed Eustachio
  2804 | D:4      | Killed an ogre
  2805 | D:4      | Reached skill level 1 in Unarmed Combat
  2897 | D:4      | Reached XP level 7. HP: 49/49 MP: 3/13
  3448 | D:4      | Reached skill level 5 in Earth Magic
  3449 | D:4      | Reached skill level 5 in Spellcasting
  3551 | D:4      | Killed Eustachio
  3552 | D:4      | Reached XP level 8. HP: 58/58 MP: 5/15
  3636 | D:4      | Found an iron altar of Okawaru.
  3639 | D:4      | Found a hide-covered altar of Uskayaw.
  3643 | D:4      | Found a glowing silver altar of Zin.
  4008 | D:5      | Entered Level 5 of the Dungeon
  4191 | D:5      | Learned a level 4 spell: Petrify
  4322 | D:5      | Found Cuacasyh's Magic Scroll Shoppe.
  4351 | D:5      | Bought a scroll of fear for 49 gold pieces
  4351 | D:5      | Bought a scroll of identify for 28 gold pieces
  4372 | D:5      | Reached skill level 6 in Earth Magic
  4410 | D:5      | Found a radiant altar of Vehumet.
  4712 | D:5      | Found a staircase to the Ecumenical Temple.
  4721 | Temple   | Entered the Ecumenical Temple
  4744 | Temple   | Became a worshipper of Cheibriados the Contemplative
  5144 | D:6      | Reached skill level 5 in Fighting
  5249 | D:6      | Reached skill level 7 in Earth Magic
  5250 | D:6      | Reached XP level 9. HP: 63/68 MP: 12/16
  5303 | D:6      | Reached skill level 5 in Unarmed Combat
  5544 | D:6      | Noticed a boulder beetle
  5789 | D:3      | Bought a book of Changes for 198 gold pieces
  5793 | D:3      | Learned a level 3 spell: Spider Form
  5796 | D:3      | Learned a level 2 spell: Wereblood
  5861 | D:5      | Reached skill level 8 in Earth Magic
  6114 | D:6      | Reached * piety under Cheibriados
  6115 | D:6      | Reached skill level 1 in Invocations
  6189 | D:6      | HP: 3/68 [boulder beetle (11)]
  6191 | D:6      | Gained mutation: You possess an exceptional clarity of
                  | mind. [potion of mutation]
  6191 | D:6      | Gained mutation: You are dopey. (Int -2) [potion of
                  | mutation]
  6191 | D:6      | Gained mutation: You have sharp toenails. [potion of
                  | mutation]
  6196 | D:6      | Mangled by a boulder beetle

Illustrated notes

Levels and vault maps discovered:
D:1:      heliophobic_arrival_dark_side_of_the_moon, layout_loops_ring,
          serial_shops, nicolae_shop_advertising_works
          [nicolae_subvault_shop_adworks], hellmonk_ecumenical_altar_lost_god
D:2:      layout_basic, serial_shops, nicolae_shop_crystal, uniq_terence,
          uniq_natasha
D:3:      layout_basic, serial_shops, nicolae_square_shop, shop_fountains,
          nicolae_shop_behind_doors, shop
D:4:      layout_basic, grunt_temple_overflow_diamond, grunt_ministairs_14,
          uniq_eustachio
D:5:      minmay_general_purpose_star, layout_loops_ring,
          general_overflow_altar, minmay_temple_entry_poolview, serial_rivers,
          chequers_serial_rivers_micro_b, chequers_serial_rivers_micro_b,
          chequers_serial_rivers_micro_b, chequers_serial_rivers_micro_e,
          chequers_serial_rivers_micro_d, chequers_serial_rivers_small_b,
          serial_shops, shop
D:6:      minmay_diamond_boxcup, layout_cave_pods, nicolae_figureground_pulse
D:7:      layout_cave_pods, kiku_gazebo_garden_becter
Temple:   eino_temple_scatter_basement

Skill      XL: |  1  2  3  4  5  6  7  8  9 |
---------------+----------------------------+-----
Dodging        | 2 |  2.3
Stealth        | 3 |  3.0
Earth Magic    | 4 5 7 8 |  8.1
Transmutations | 2 3 4 |  4.2
Spellcasting   | 3 4 5 |  5.1
Fighting       | 1 3 5 |  5.1
Unarmed Combat | 1 2 4 5 |  5.1
Invocations    | 1 |  1.2

Action                   |  1- 3 |  4- 6 |  7- 9 || total
-------------------------+-------+-------+-------++-------
Melee: Unarmed           |    10 |       |     8 ||    18
       Staff             |     1 |     2 |     2 ||     5
 Cast: Sandblast         |    37 |    61 |    52 ||   150
       Stone Arrow       |       |     4 |    36 ||    40
       Passwall          |       |       |     1 ||     1
       Petrify           |       |       |     7 ||     7
       Spider Form       |       |       |     1 ||     1
 Abil: End Transformatio |       |       |     1 ||     1
  Use: Scroll            |       |       |     8 ||     8
       Potion            |       |       |     4 ||     4
 Stab: Petrified         |       |       |     4 ||     4
Armor: Robe              |    11 |    15 |     7 ||    33
       Skin              |       |       |     4 ||     4
Dodge: Dodged            |     7 |    19 |    19 ||    45
